Map: Orbital Shipyard

Players

dargon - Winner!

  • Race: Terran Terran
  • League: Platinum

LilDicky

  • Race: Terran Terran
  • League: Diamond

VOD

http://www.twitch.tv/tumescentpie

Description

Time

  • Played on: Nov. 26, 2015, 1:29 p.m.
  • Length: 16:08
Show
View Real Time Build Order
Export as new Build Order

dargon Terran - Winner!

Build Orders:  

Get SALT Encoding   

  12  0:00  SCV  
  13  0:13  SCV  
  14  0:17  Supply Depot  
  14  0:25  SCV  
  15  0:39  SCV  
  15  0:41  Barracks  
  16  0:44  Refinery  
  16  0:51  SCV  
  17  1:03  SCV  
  18  1:15  SCV  
  19  1:28  SCV, Reaper  
  21  1:44  Orbital Command  
  21  1:47  Command Center  
  21  2:04  Supply Depot  
  21  2:10  SCV  
  21  2:18  Barracks Reactor  
  21  2:21  Bunker  
  21  2:26  SCV  
  21  2:29  Factory, Bunker  
  22  2:38  SCV  
  23  2:50  SCV  
  24  2:55  Marine x2  
  26  2:59  Orbital Command  
  26  3:02  SCV  
  27  3:13  Marine x2  
  27  3:14  SCV, Hellion  
  27  3:17  Starport  
  32  3:20  Refinery  
  32  3:26  SCV  
  33  3:28  SCV  
  34  3:38  SCV, Hellion  
  34  3:40  SCV  
  38  3:46  Marine x2  
  40  3:50  SCV  
  40  3:52  SCV  
  42  3:56  Supply Depot x2  
  42  4:03  SCV  
  42  4:04  SCV  
  42  4:07  Supply Depot  
  44  4:15  SCV  
  45  4:23  SCV  
  46  4:27  SCV  
  46  4:34  Engineering Bay  
  46  4:35  SCV  
  46  4:38  Marine x2  
  47  4:39  SCV  
  47  4:40  Viking  
  51  4:47  SCV  
  51  4:51  SCV  
  53  4:56  Marine x2  
  53  4:59  SCV  
  52  5:11  SCV, Missile Turret  
  52  5:12  SCV  
  52  5:19  Marine x2  
  51  5:25  SCV x2  
  53  5:37  Factory Tech Lab, SCV x2, Marine  
  53  5:41  Command Center  
  56  5:43  Refinery  
  56  5:44  Refinery, Marine  
  56  5:49  SCV x2  
  59  5:51  Terran Infantry Weapons Level 1  
  59  5:55  Barracks  
  59  5:57  Barracks  
  59  6:01  SCV x2  
  56  6:11  Marine x2  
  53  6:33  Marine x2  
  55  6:41  Raven  
  55  6:42  Missile Turret  
  55  6:47  SCV x2  
  55  6:51  Marine x2  
  58  6:59  SCV x2, Missile Turret  
  59  7:03  Marine x2  
  59  7:08  Missile Turret  
  57  7:09  Marine  
  57  7:15  Marine  
  54  7:21  Marine x2  
  54  7:27  Marine  
  54  7:29  SCV  
  55  7:30  SCV  
  55  7:31  Factory Tech Lab, Starport Reactor  
  55  7:33  Marine  
  57  7:37  Supply Depot  
  57  7:39  Supply Depot  
  57  7:40  Command Center  
  57  7:41  Barracks Reactor, Barracks Tech Lab  
  57  7:44  Marine  
  57  7:49  SCV x2  
  57  7:51  Marine  
  60  7:53  Siege Tank  
  60  7:58  Terran Infantry Armor Level 1  
  64  8:01  SCV, Engineering Bay  
  64  8:02  SCV, Marine  
  67  8:09  Marine  
  67  8:11  Marine  
  69  8:13  SCV  
  69  8:14  SCV  
  69  8:19  Supply Depot  
  71  8:20  Barracks  
  71  8:22  Supply Depot, Barracks  
  71  8:24  Barracks, Marine  
  71  8:25  Armory, Marine x2  
  71  8:26  SCV x2, Marine  
  77  8:29  Marine  
  77  8:31  Supply Depot  
  78  8:38  SCV x2  
  80  8:42  Marine x2  
  80  8:43  Marine  
  80  8:44  Marine  
  80  8:46  Supply Depot  
  84  8:50  SCV x2  
  84  8:52  Barracks  
  84  8:54  Barracks  
  87  9:01  Orbital Command  
  87  9:02  SCV x2  
  88  9:05  Viking x2  
  88  9:06  Marine x4  
  88  9:07  Marine  
  88  9:08  Siege Tank  
  98  9:14  SCV  
  98  9:16  SCV, Terran Infantry Weapons Level 2  
  100  9:19  Stimpack, Marine  
  100  9:24  Marine x2  
  101  9:26  SCV  
  101  9:27  Refinery  
  104  9:33  Marine x3  
  104  9:35  Medivac  
  104  9:36  SCV x2  
  104  9:37  Marine  
  114  9:38  SCV  
  114  9:39  Marine, Medivac  
  114  9:41  Marine  
  114  9:42  Marine  
  117  9:48  SCV  
  117  9:51  Missile Turret, Marine x3  
  121  9:54  SCV x2  
  121  9:55  Terran Infantry Armor Level 2  
  121  9:56  Marine  
  124  10:00  SCV  
  124  10:06  SCV  
  126  10:13  Marine x4  
  130  10:16  Barracks Reactor  
  130  10:17  Barracks Reactor  
  130  10:18  Barracks Reactor  
  130  10:22  SCV x2  
  130  10:23  SCV  
  133  10:37  Command Center  
  133  10:49  SCV x3, Marine x5  
  141  10:56  Supply Depot  
  141  11:01  Supply Depot  
  141  11:07  Supply Depot  
  141  11:18  SCV, Marine x7  
  149  11:20  Combat Shields  
  149  11:22  Marine x4  
  149  11:23  SCV, Siege Tank  
  149  11:24  Medivac  
  154  11:35  Marine x7  
  156  11:40  Marine x4  
  159  11:53  Marine x7  
  165  12:04  Marine  
  165  12:08  Supply Depot  
  165  12:09  Supply Depot  
  165  12:10  Supply Depot  
  165  12:13  Marine  
  165  12:23  Marine x10  
  165  12:26  Supply Depot  
  165  12:27  Supply Depot  
  175  12:31  Marine  
  175  12:34  Refinery  
  176  12:41  Planetary Fortress, Marine x9  
  185  12:45  Marine x3  
  185  12:51  Supply Depot  
  188  12:52  Terran Infantry Weapons Level 3, Terran Infantry Armor Level 3  
  188  13:01  Sensor Tower  
  188  13:03  Siege Tank  
  191  13:19  Missile Turret  
  189  13:20  Missile Turret  
  189  13:21  Missile Turret  
  95  14:00  Marine  
  95  14:01  Marine x5  
  95  14:02  Marine x7  
  101  14:18  Medivac x2, Marine x2  
  101  14:19  Marine x6  
  101  14:20  Marine x5  
  101  14:23  Missile Turret  
  118  14:34  Siege Tank  
  118  14:36  Marine x3  
  118  14:37  Marine x6  
  118  14:38  Marine x4  
  134  14:48  Medivac x2  
  138  14:54  Marine x4  
  138  14:55  Marine x7  
  138  14:56  Marauder, Marine  
  137  15:12  Marine x5  
  137  15:13  Marine x7  
  141  15:17  Marine  
  142  15:25  Orbital Command  
  142  15:29  Marine  
  142  15:30  Marine x5  
  142  15:31  Marine x6  
  142  15:35  Marine  
  139  15:47  Marine x2  
  139  15:48  Marine  
Show
View Real Time Build Order
Export as new Build Order

LilDicky Terran 

Build Orders: Mech, Banshee Rush 

Get SALT Encoding   

  12  0:01  SCV  
  13  0:13  SCV  
  14  0:22  Supply Depot  
  14  0:25  SCV  
  15  0:32  Refinery  
  15  0:44  SCV  
  15  0:45  Barracks  
  16  0:56  SCV  
  17  1:08  SCV  
  18  1:20  SCV  
  19  1:33  Orbital Command  
  19  1:36  Factory, Marine  
  20  1:49  Supply Depot  
  20  1:56  Marine  
  20  2:00  SCV  
  22  2:01  Refinery  
  21  2:15  Marine  
  21  2:21  Hellion  
  24  2:24  SCV  
  25  2:33  Barracks Tech Lab  
  25  2:34  Starport  
  25  2:41  Supply Depot  
  25  2:46  Hellion  
  27  2:51  SCV  
  28  3:09  Command Center  
  28  3:11  Widow Mine  
  30  3:21  Banshee  
  30  3:26  Cloaking Field  
  33  3:35  Engineering Bay  
  33  3:39  SCV  
  34  3:48  Widow Mine  
  36  3:59  Marine  
  36  4:02  SCV  
  36  4:21  Widow Mine  
  36  4:24  Marine  
  37  4:43  Banshee, SCV  
  37  4:45  Orbital Command  
  41  5:25  Banshee  
  43  5:30  SCV x2  
  45  5:39  Factory Tech Lab  
  45  5:42  SCV x2, Refinery  
  45  5:44  Refinery  
  45  5:45  Command Center  
  45  5:53  Barracks Reactor  
  45  5:54  SCV x2, Factory  
  45  5:55  Factory  
  45  6:06  SCV x2  
  47  6:18  SCV  
  45  6:56  SCV x2  
  45  6:57  Siege Tank  
  45  6:58  Banshee  
  53  7:15  SCV x2  
  55  7:16  Orbital Command  
  55  7:20  Factory Reactor x2  
  55  7:26  Marine  
  55  7:29  SCV  
  54  7:31  SCV  
  54  7:32  Refinery  
  54  7:34  Refinery  
  54  7:35  Siege Tank  
  54  7:36  Marine  
  59  7:41  SCV  
  59  7:42  SCV  
  59  7:43  SCV  
  62  7:44  Banshee  
  65  7:54  SCV x2  
  65  7:56  Command Center, SCV  
  68  8:02  Marine  
  69  8:08  Terran Infantry Weapons Level 1, Supply Depot  
  69  8:09  Supply Depot  
  69  8:14  Infernal Pre-Igniter  
  69  8:16  Missile Turret  
  69  8:23  SCV, Hellion x2, Siege Tank  
  69  8:25  Missile Turret  
  77  8:29  SCV x2, Marine, Widow Mine  
  77  8:30  Hellion  
  77  8:31  Supply Depot x2  
  77  8:33  Supply Depot  
  84  8:34  Supply Depot  
  84  8:35  SCV  
  85  8:42  SCV x2  
  85  8:43  Marine  
  85  8:44  Hellion x2  
  85  8:47  Marine  
  93  8:52  Banshee  
  93  8:54  Sensor Tower  
  96  8:57  Supply Depot  
  93  9:10  Hellion x2, Orbital Command  
  93  9:13  Widow Mine  
  93  9:14  Widow Mine  
  93  9:16  Cyclone  
  104  9:22  Armory  
  104  9:23  SCV x2  
  106  9:24  Armory  
  103  9:49  Hellion, Widow Mine x2  
  103  9:50  Hellion  
  111  9:58  Sensor Tower  
  111  10:01  Hellion  
  111  10:02  Marine x2  
  111  10:05  Sensor Tower  
  113  10:11  Hellion  
  113  10:13  Terran Vehicle And Ship Armor Level 1, Terran Vehicle Weapons Level 1  
  115  10:16  SCV x3  
  115  10:18  Supply Depot, Armory  
  115  10:19  Supply Depot  
  112  10:22  Missile Turret  
  112  10:23  Missile Turret x2  
  112  10:26  Hellion x3, Siege Tank  
  121  10:31  Factory  
  121  10:32  Factory  
  121  10:33  SCV x2  
  121  10:34  SCV  
  124  10:39  Command Center  
  124  10:57  Orbital Command  
  121  11:21  SCV  
  121  11:22  SCV x2  
  118  11:27  Hellion x3, Siege Tank  
  118  11:28  Factory Tech Lab x2  
  115  11:59  Siege Tank  
  114  12:02  Hellion x2  
  114  12:03  Hellion, Siege Tank x2  
  114  12:06  Banshee  
  125  12:09  Terran Vehicle Weapons Level 2, Terran Vehicle And Ship Armor Level 2  
  125  12:10  Terran Ship Weapons Level 1  
  125  12:11  Starport  
  125  12:13  Starport  
  125  12:14  Supply Depot  
  125  12:22  Hellion  
  127  12:30  Planetary Fortress, Refinery  
  127  12:31  Siege Tank, Refinery  
  127  12:34  Hellion x2  
  127  12:35  Siege Tank x2  
  136  12:46  Widow Mine x2  
  128  13:03  Missile Turret  
  128  13:04  Siege Tank  
  128  13:05  SCV, Missile Turret  
  131  13:06  SCV x3, Missile Turret  
  131  13:07  Siege Tank  
  131  13:08  Siege Tank  
  141  13:16  Missile Turret  
  141  13:18  SCV, Hellion  
  141  13:19  Hellion x3  
  124  13:36  Siege Tank  
  124  13:39  Hellion  
  124  13:40  Hellion x3, Siege Tank  
  91  13:53  SCV x2  
  91  13:54  Banshee  
  88  13:56  Starport Tech Lab  
  88  13:58  Starport Tech Lab  
  88  14:01  Hellion x2  
  87  14:08  Siege Tank  
  85  14:12  Siege Tank  
  86  14:30  Hellion  
  86  14:31  Hellion  
  90  14:33  Banshee x2  
  96  14:40  Siege Tank  
  96  14:43  Command Center  
  96  14:44  Command Center, Siege Tank  
  96  14:56  SCV x4  
  100  15:00  Hellion x2, Missile Turret  
  100  15:01  Hellion  
  106  15:09  Hellion  
  106  15:12  Siege Tank  
  99  15:16  Siege Tank  
  102  15:22  Hellion  
  102  15:25  Command Center  
  104  15:28  Missile Turret  
  104  15:30  Factory, Missile Turret  
  104  15:34  Missile Turret  
  104  15:35  Missile Turret  
Tags
 
Add a new tag
Caveats
  • Supply blocks, unpowered buildings, or Contaminate may cause inaccurate times.
  • Supply counts are checked every 10 seconds.